 Seeded DCSS version 0.31.0-32-g396128a36d (webtiles) character file.

Game seed: 16386573391803395365 (custom seed)

32 bronco the Grave Robber (level 3, -1/24 HPs)
             Began as a Mummy Necromancer on Mar 30, 2024.
             Slain by a ribbon worm (3 damage)
             ... on level 2 of the Dungeon.
             The game lasted 00:02:29 (1148 turns).

bronco the Grave Robber (Mummy Necromancer)         Turns: 1148, Time: 00:02:29

Health: -1/24      AC:  3    Str: 11    XL:     3   Next: 8%
Magic:  7/7        EV: 11    Int: 16    God:
Gold:   37         SH:  0    Dex: 12    Spells: 7/8 levels left

rFire   x . .        g - +0 spear
rCold   + . .        (no shield)
rNeg    + + +        c - +0 leather armour
rPois   ∞            m - +0 hat
rElec   .            (no cloak)
rCorr   .            (no gloves)
SInv    .            (no boots)
Will    .....        (no amulet)
Stlth   ++           (no ring)
HPRegen 0.24/turn    (no ring)
MPRegen 0.10/turn

%: faith
@: no status effects
A: cold resistance 1, negative energy resistance 3, torment resistance 2, heat
vulnerability 1, in touch with death 1, no potions, faith
a: no special abilities


You were on level 2 of the Dungeon.
You visited 1 branch of the dungeon, and saw 2 of its levels.

You collected 37 gold pieces.

Inventory:

Hand Weapons
 f - a +0 club
 g - a +0 spear (weapon)
Missiles
 e - 9 stones
Armour
 a - a +0 robe
 c - a +0 leather armour (worn)
 m - a +0 hat (worn)
Magical Staves
 j - a staff of fire
Wands
 l - a wand of acid (8)
Scrolls
 b - a scroll of fear {unknown}
 d - a scroll of blinking {unknown}
 h - a scroll of fog {unknown}
 i - a scroll of revelation {unknown}
 k - a scroll of teleportation {unknown}


   Skills:
 - Level 1.5 Dodging
 - Level 1.7 Stealth
 + Level 3.4 Spellcasting
 + Level 4.6 Necromancy


You had 7 spell levels left.
You knew the following spells:

 Your Spells              Type           Power      Damage    Failure   Level
a - Necrotise             Necr           100%       1d9       3%          1

Your spell library contained the following spells:

 Spells                   Type           Power      Damage    Failure   Level
 Vampiric Draining        Necr           26%        2d7       11%         3
 Apportation              Tloc           4%         N/A       24%         1
 Jinxbite                 Hex            4%         N/A       34%         2
 Animate Dead             Necr           26%        N/A       34%         4
 Curse of Agony           Necr           26%        N/A       69%         5
 Alistair's Intoxication  Alch           1%         N/A       100%        5


Dungeon Overview and Level Annotations

Branches:
Dungeon (2/15)

Altars:


Innate Abilities, Weirdness & Mutations

You are immune to poison.
Your flesh is cold resistant. (rC+)
You are immune to negative energy. (rN+++)
You are immune to unholy pain and torment.
You are vulnerable to heat. (rF-)
You are in touch with the powers of death.
You do not drink.
You have a special connection with the divine. (Faith)


Message History

k - a scroll labelled ZOYTWO AWOU
There is a stone staircase leading up here.
There is an open door here.
You see here a +0 robe.
There is an open door here.
There is an open door here.
A ribbon worm comes into view.
A goblin comes into view. It is wielding a +0 dagger.
Found the +7 sceptre of Torment {pain, torment}.
The ribbon worm expels a string of sticky webbing.
The stream of webbing misses you.
You reach to attack!
You hit the ribbon worm.
The ribbon worm is moderately wounded.
You hit the ribbon worm.
The ribbon worm is heavily wounded.
The goblin hits you but does no damage.
The ribbon worm expels a string of sticky webbing.
The stream of webbing hits you but does no damage.
You are caught in a web!
You are caught in a web!
You are caught in a web!
You are caught in a web!
You are caught in a web!
You are caught in a web!
You are caught in a web!
You struggle to detach yourself from the web.
The goblin hits you but does no damage. The ribbon worm bites you!
You struggle to detach yourself from the web.
The goblin hits you with a +0 dagger. The ribbon worm bites you.
The web tears apart.
The goblin barely misses you.
You hit the ribbon worm.
The ribbon worm is severely wounded.
The ribbon worm bites you.
* * * LOW HITPOINT WARNING * * *
The goblin hits you with a +0 dagger.
* * * LOW HITPOINT WARNING * * *
You hit the ribbon worm but do no damage.
The ribbon worm is severely wounded.
The goblin barely misses you. The ribbon worm bites you.
You die...

..........
########.##
#.........#
####'#########
#.........# #
##########...<.....#
#
#..................#
#
#...........####.###
# #....w@.....#
#.######
#....g......#
#.#.....
#...........#
#.#.....
#...........#
#.#.....
#...........#
#.#.....
.............#
#.#.....
..).##########
#.#..... ....
#.#..... #.#.....


You could see a ribbon worm and a goblin.

Vanquished Creatures
  2 ribbon worms (D:2)
  2 ball pythons (D:2)
  6 bats
  3 endoplasms
  3 giant cockroaches (D:2)
  3 kobolds (D:2)
  3 rats
22 creatures vanquished.

Vanquished Creatures (collateral kills)
  2 dart slugs
2 creatures vanquished.

Grand Total: 24 creatures vanquished

Notes
Turn   | Place    | Note
-------+----------+-------------------------------------------
     0 | D:1      | bronco the Mummy Necromancer began the quest for the Orb.
     0 | D:1      | Reached XP level 1. HP: 13/13 MP: 4/4
   168 | D:2      | Reached XP level 2. HP: 19/19 MP: 3/5
   791 | D:2      | Reached XP level 3. HP: 24/24 MP: 7/7
  1139 | D:2      | Found the +7 sceptre of Torment {pain, torment}
  1148 | D:2      | Slain by a ribbon worm

Illustrated notes

Levels and vault maps discovered:
D:1:      eino_arrival_tree_alley, layout_rooms
D:2:      layout_basic, minmay_bisected

Skill      XL: |  1  2 |
---------------+-------+-----
Spellcasting   | 3 |  3.4
Dodging        | |  1.5
Stealth        | |  1.7
Necromancy     | |  4.6

Action                     || total
---------------------------++-------
  Melee: Unarmed           ||     1
         Spear             ||    40
         Club              ||    13
         Punch             ||     1
   Cast: Necrotise         ||    23
   Stab: Sleeping          ||     4
 Armour: Robe              ||     8
         Leather armour    ||    38
  Dodge: Dodged            ||    38
